 Dungeon Crawl Stone Soup version 0.26-a0-835-g8259106e14 (webtiles) character file.

Game seed: 10268546169587010150

70 Kinoniko the Chopper (level 4, 33/33 HPs)
             Began as a Demonspawn Gladiator on Nov 17, 2020.
             Quit the game on level 2 of the Dungeon.
             The game lasted 00:01:31 (1496 turns).

Kinoniko the Chopper (Demonspawn Gladiator)         Turns: 1496, Time: 00:01:32

Health: 33/33      AC: 10    Str: 16    XL:     4   Next: 3%
Magic:  4/4        EV:  7    Int:  9    God:
Gold:   44         SH:  0    Dex: 14    Spells: 3/3 levels left

rFire    . . .     SeeInvis .   a - +0 war axe
rCold    . . .     Faith    .   (no shield)
rNeg     . . .     Spirit   .   f - +0 chain mail
rPois    .         Reflect  .   c - +0 helmet
rElec    .         Harm     .   (no cloak)
rCorr    .         Rampage  .   j - +0 pair of gloves
MR       .....                  (no boots)
Stlth    ..........             (no amulet)
HPRegen  0.11/turn              (no ring)
MPRegen  0.09/turn              (no ring)

@: no status effects
A: claws 1, spiny 1
a: no special abilities


You were on level 2 of the Dungeon.
You visited 1 branch of the dungeon, and saw 2 of its levels.

You collected 44 gold pieces.

Inventory:

Hand Weapons
 a - a +0 war axe (weapon)
Missiles
 d - 3 throwing nets (quivered)
Armour
 c - a +0 helmet (worn)
 f - a +0 chain mail (worn)
 j - a +0 pair of gloves (worn)
Wands
 q - a wand of flame (22)
Scrolls
 b - a scroll of identify {unknown}
 g - a scroll of blinking {unknown}
 h - a scroll of teleportation {unknown}
 i - a scroll of random uselessness {unknown}
 k - a scroll of remove curse {unknown}
 p - a scroll of fog {unknown}
Potions
 e - 2 potions of resistance {unknown}
 l - 2 potions of might {unknown}
 m - a potion of lignification {unknown}
 n - a potion of heal wounds {unknown}
 o - a potion of haste


   Skills:
 - Level 2.0 Fighting
 * Level 4.5 Axes
 - Level 1.7 Throwing
 - Level 2.6 Dodging


You had 3 spell levels left.
You didn't know any spells.
Your spell library was empty.

Dungeon Overview and Level Annotations

Branches:
Dungeon (2/15)

Altars:


Innate Abilities, Weirdness & Mutations

You have sharp fingernails.
You are partially covered in sharp spines.


Message History

The adder hisses angrily.
You hit the goblin but do no damage. The goblin is struck by your spines.
The goblin hits you but does no damage.
You closely miss the goblin.
The goblin is heavily wounded.
The goblin hits you but does no damage. The goblin barely misses you.
You hit the goblin but do no damage.
The goblin is heavily wounded.
You closely miss the adder. The adder is struck by your spines.
The adder bites you but does no damage. The adder is struck by your spines.
The adder barely misses you. The goblin is struck by your spines.
You kill the goblin!
You slash the adder!
You kill the adder!
You have reached level 4!
You feel stronger.
You feel monstrous as your demonic heritage exerts itself.
Your demonic ancestry asserts itself...
Your fingernails lengthen.
Are you sure you want to abandon this character and quit the game? (Confirm with "yes".)

.#.##.###.### #........
............ .........
#.........# #........
###........####........
............. .........
.........####........
#..).(.##..........
#.@†.##..#........
..##.....)..........
..........#)##........
....#.?...#..##.).....
....#........###.....#
. ..#.....##..######.#
..........##..## #
..#.......##..##
#.......#.###..#


There were no monsters in sight!

Vanquished Creatures
  2 adders (D:2)
  A worm (D:2)
  2 leopard geckos (D:1)
  A ball python (D:1)
  7 bats
  2 giant cockroaches (D:1)
  4 goblins
  8 hobgoblins
  A quokka (D:2)
  4 frilled lizards
  7 kobolds
  4 rats (D:1)
43 creatures vanquished.

Notes
Turn   | Place    | Note
-------+----------+-------------------------------------------
     0 | D:1      | Kinoniko the Demonspawn Gladiator began the quest for the
                  | Orb.
     0 | D:1      | Reached XP level 1. HP: 16/16 MP: 1/1
   287 | D:1      | Reached skill level 3 in Axes
   311 | D:1      | Gained mutation: You are partially covered in sharp spines.
                  | [demonic ancestry]
   311 | D:1      | Reached XP level 2. HP: 19/22 MP: 2/2
   665 | D:1      | Reached XP level 3. HP: 27/27 MP: 3/3
  1193 | D:1      | Reached skill level 4 in Axes
  1496 | D:2      | Gained mutation: You have sharp fingernails. [demonic
                  | ancestry]
  1496 | D:2      | Reached XP level 4. HP: 33/33 MP: 4/4
  1496 | D:2      | Quit the game

Illustrated notes

Levels and vault maps discovered:
D:1:      onia_arrival_mini_maze_b, layout_basic, minmay_tromino_mix6
D:2:      layout_rooms, st_stairs_3

Skill      XL: |  1  2  3 |
---------------+----------+-----
Axes           | 3 4 |  4.5
Fighting       | |  2.0
Throwing       | |  1.7
Dodging        | |  2.6

Action                   |  1- 3 |  4- 6 || total
-------------------------+-------+-------++-------
Melee: War axe           |   100 |       ||   100
Armor: Chain mail        |    63 |       ||    63
Dodge: Dodged            |    51 |       ||    51

Table legend: (Time is in decaauts)
 A = Elapsed time spent in this place.
 B = Non-inter-level travel time spent in this place.
 C = Inter-level travel time spent in this place.
 D = Time resting spent in this place.
 E = Time spent auto-exploring this place.
 F = Levels seen in this place.
 G = Mean time per level.
                   A        B        C        D        E       F      G
               +--------+--------+--------+--------+--------+-----+--------+
         Total |   1527 |   1489 |     38 |      0 |   1225 |   2 |  763.5 |
       Dungeon |   1527 |   1489 |     38 |      0 |   1225 |   2 |  763.5 |
               +--------+--------+--------+--------+--------+-----+--------+

Top non-repeatable levels by time:
     D:1: 1263 daAuts
     D:2: 264 daAuts
